 Dungeon Crawl Stone Soup version 0.27.1-37-g7b29ead8ac (webtiles) character file.

Game seed: 17909496419167858222

104 cbfl8 the Chopper (level 4, -1/34 (37) HPs)
             Began as a Minotaur Gladiator on Apr 28, 2023.
             Slain by a gnoll (11 damage)
             ... on level 2 of the Dungeon.
             The game lasted 00:02:46 (2097 turns).

cbfl8 the Chopper (Minotaur Gladiator)              Turns: 2097, Time: 00:02:47

HP:   -1/34 (37)    AC:  3    Str: 18    XL:     4   Next: 52%
MP:   0/3           EV: 13    Int:  5    God:
Gold: 36            SH:  0    Dex: 13    Spells: 3/3 levels left

rFire    . . .     SeeInvis .   a - +0 war axe
rCold    . . .     Faith    .   (no shield)
rNeg     . . .     Spirit   .   b - +0 leather armour
rPois    .         Reflect  .   c - +0 hat
rElec    .         Harm     .   (no cloak)
rCorr    .         Rampage  .   (no gloves)
Will     .....                  (no boots)
Stlth    +.........             (no amulet)
HPRegen  0.11/turn              (no ring)
MPRegen  0.08/turn              (no ring)

@: drained
A: horns 2, retaliatory headbutt
a: no special abilities


You were on level 2 of the Dungeon.
You visited 1 branch of the dungeon, and saw 2 of its levels.

You collected 36 gold pieces.

Inventory:

Hand Weapons
 a - a +0 war axe (weapon)
Missiles
 d - 3 throwing nets (quivered)
 g - 5 javelins
Armour
 b - a +0 leather armour (worn)
 c - a +0 hat (worn)
Scrolls
 e - a scroll of identify
Potions
 f - a potion of curing


   Skills:
 + Level 2.6 Fighting
 + Level 4.5 Axes
 + Level 2.0 Throwing
 * Level 1.7 Armour
 + Level 4.0 Dodging
 * Level 1.2 Stealth
 * Level 1.1 Evocations


You had 3 spell levels left.
You didn't know any spells.
Your spell library contained the following spells:

 Spells                   Type           Power      Damage    Failure   Level
 Static Discharge         Conj/Air       0%         N/A       67%         2
 Lightning Bolt           Conj/Air       0%         1d11      100%        5
 Maxwell's Capacitive Co  Air            0%         ∞         100%        8


Dungeon Overview and Level Annotations

Branches:
Dungeon (2/15)

Altars:


Innate Abilities, Weirdness & Mutations

You have a pair of horns on your head.
You reflexively headbutt those who attack you in melee.


Message History

The gnoll shouts!
The gnoll shouts!
The gnoll hits you from afar with a +2 antimagic spear!
You feel your power leaking away. The gnoll completely misses you.
You furiously retaliate!
You headbutt the gnoll. You closely miss the gnoll.
The gnoll is lightly wounded.
The gnoll misses you.
You slash the gnoll!
The gnoll is almost dead.
The gnoll hits you with a +2 antimagic spear!
The gnoll barely misses you.
You hit the gnoll.
You kill the gnoll!
You closely miss the gnoll. Your headbutt misses the gnoll.
The gnoll barely misses you.
You hit the gnoll.
The gnoll is heavily wounded.
The gnoll completely misses you.
The gnoll hits you with a +1 flail of draining.
You feel drained.
You are too injured to fight recklessly!
You are too injured to fight recklessly!
You barely miss the gnoll.
The gnoll is heavily wounded.
The gnoll hits you with a +1 flail of draining.
* * * LOW HITPOINT WARNING * * *
You feel drained.
* * * LOW HITPOINT WARNING * * *
You barely miss the gnoll.
The gnoll is heavily wounded.
The gnoll hits you with a +1 flail of draining.
* * * LOW HITPOINT WARNING * * *
You feel drained.
* * * LOW HITPOINT WARNING * * *
Unknown command.
You feel better.
The gnoll hits you with a +1 flail of draining!
You die...

......#.###.# #.......#
..#.#.#.# #.# #.......#
..#.#.#.###.#### #[.)....##
#.#.#.#........###........#
....#.###.................#
###.#.###.................#
..#..÷.÷..†.............<.#
....#.###.............(...#
#.#.#.#
#......>@g......g.####
..#.#.#
#........)...###.....#
....#.# #............#
#.....# .##.#.#
#............# #.....#
.##.#.#
######....######.....#g
.##.#.#
#######.....g........
......#
##...._########.....#.
....### #......# ######
.#### #......#


You could see a gnoll.

Vanquished Creatures
  A howler monkey (D:2)
  2 gnolls
  An adder (D:2)
  A worm (D:2)
  2 bats
  5 endoplasms
  4 giant cockroaches
  A goblin (D:1)
  3 hobgoblins
  4 jackals (D:1)
  3 ball pythons
  3 rats
30 creatures vanquished.

Notes
Turn   | Place    | Note
-------+----------+-------------------------------------------
     0 | D:1      | cbfl8 the Minotaur Gladiator began the quest for the Orb.
     0 | D:1      | Reached XP level 1. HP: 18/18 MP: 0/0
   159 | D:1      | Reached XP level 2. HP: 13/25 MP: 1/1
   928 | D:2      | Noticed a howler monkey
   938 | D:2      | Killed a howler monkey
   939 | D:2      | Reached skill level 1 in Armour
   939 | D:2      | Reached skill level 1 in Stealth
   939 | D:2      | Reached XP level 3. HP: 9/30 MP: 2/2
   941 | D:2      | Reached XP level 4. HP: 11/37 MP: 3/3
  1391 | D:2      | Reached skill level 1 in Evocations
  1737 | D:2      | Found a faded altar of an unknown god.
  2096 | D:2      | HP: 1/34 [gnoll (2)]
  2097 | D:2      | Slain by a gnoll

Illustrated notes

Levels and vault maps discovered:
D:1:      mainiacjoe_arrival_reflecting_pool, layout_loops_ring
D:2:      layout_basic, shapermc_ecumenical_altar_pompeii, basic_altar

Skill      XL: |  1  2  3  4 |
---------------+-------------+-----
Axes           | 4 |  4.5
Armour         | 1 |  1.7
Dodging        | 4 |  4.0
Stealth        | 1 |  1.2
Evocations     | 1 |  1.1
Fighting       | |  2.6
Throwing       | |  2.0

Action                   |  1- 3 |  4- 6 || total
-------------------------+-------+-------++-------
Melee: War axe           |    35 |    22 ||    57
       Headbutt          |     4 |     2 ||     6
  Use: Potion            |     1 |     1 ||     2
       Scroll            |     1 |       ||     1
 Stab: Sleeping          |     1 |       ||     1
Armor: Leather armour    |    15 |     3 ||    18
Dodge: Dodged            |    29 |    21 ||    50
